 Dungeon Crawl Stone Soup version 0.31.0-9-g3a7656b989 (webtiles) character file.

Game seed: 18150554049561534980

635 qw the Skirmisher (level 7, 0/40 HPs)
             Began as a Deep Elf Hunter on Feb 2, 2024.
             Slain by Pikel
             ... wielding a +1 whip of freezing
              (3 damage)
             ... on level 4 of the Dungeon.
             The game lasted 00:00:18 (3985 turns).

qw the Skirmisher (Deep Elf Hunter)                 Turns: 3985, Time: 00:00:19

Health: 0/40       AC:  8    Str: 10    XL:     7   Next: 25%
Magic:  9/9        EV: 12    Int: 14    God:
Gold:   239        SH:  0    Dex: 24    Spells: 6/6 levels left

rFire   . . .        a - +1 shortbow
rCold   . . .        (shield currently unavailable)
rNeg    . . .        f - +0 ring mail
rPois   .            i - +0 helmet
rElec   .            (no cloak)
rCorr   .            (no gloves)
SInv    .            d - +1 pair of boots
Will    .....        (no amulet)
Stlth   ++           k - +6 ring of dexterity
HPRegen 0.26/turn    (no ring)
MPRegen 0.11/turn

%: no passive effects
@: no status effects
A: no striking features
a: no special abilities


You were on level 4 of the Dungeon.
You visited 1 branch of the dungeon, and saw 4 of its levels.

You collected 239 gold pieces.


   Skills:
 - Level 2.1 Fighting
 + Level 10.5 Ranged Weapons
 - Level 1.0 Armour
 - Level 4.0 Dodging
 - Level 1.2 Stealth


You had 6 spell levels left.
You didn't know any spells.
Your spell library was empty.

Inventory:

Hand Weapons
 a - a +1 shortbow (weapon)
Armour
 d - a +1 pair of boots (worn)
 f - a +0 ring mail (worn)
 i - a +0 helmet (worn)
Jewellery
 k - a +6 ring of dexterity (left hand)
Potions
 b - a potion of might
 h - 2 potions of curing
 m - a potion of lignification {unknown}

Dungeon Overview and Level Annotations

Branches:
Dungeon (4/15)
 Temple: D:4-7

Altars:

Annotations:
D:4 Grinder, Pikel


Message History

That felt strangely unrewarding.
Grinder blinks!
You shoot an arrow. The arrow hits the lemure.
The lemure is heavily wounded.
The lemure hits you but does no damage.
Grinder blinks!
You shoot an arrow. The arrow hits the lemure.
The lemure is severely wounded.
The lemure hits you but does no damage.
You shoot an arrow. The arrow hits the lemure.
The lemure is severely wounded.
The lemure hits you but does no damage.
You shoot an arrow. The arrow closely misses the lemure.
The arrow hits Pikel!
Pikel is moderately wounded.
The lemure closely misses you.
Pikel says, "You'll rust in Dis!"
You shoot an arrow. The arrow closely misses the lemure.
The arrow hits Pikel!
Pikel is heavily wounded.
The lemure barely misses you.
You shoot an arrow. The arrow hits the lemure.
The lemure is almost dead.
The lemure hits you but does no damage.
You shoot an arrow. The arrow hits the lemure!
You kill the lemure!
That felt strangely unrewarding.
You shoot an arrow. The arrow hits Pikel.
Pikel is heavily wounded.
Pikel hits you but does no damage.
You shoot an arrow. The arrow closely misses Pikel.
The arrow hits Grinder but does no damage.
Grinder is almost dead.
Pikel barely misses you.
Grinder blinks!
You shoot an arrow. The arrow hits Pikel.
Pikel is severely wounded.
Pikel hits you with a +1 whip of freezing!
Pikel freezes you.
You shoot an arrow. The arrow hits Pikel.
Pikel is severely wounded.
Pikel hits you with a +1 whip of freezing.
You die...
Pikel says, "See you in Hell!"

#........
####.#### #.# #
#.#### #..... ####
###### #.. ..# #.#
#.# #@# #.# ####
###+#####K#### #.#
#...
#...5.#.55...# #.#
#.##
#.###.#.#.##.# #.#
#.# ' +)'.#.##.#
#.# #.#
#.###)###.##.###.#
#.# #.....
#........######.#
###+##
###..###......#.#
#...###.####.#.#


You could see Pikel, Grinder and a lemure.

Vanquished Creatures
  2 ogres (D:4)
  2 lemures (D:4)
  A scorpion (D:4)
  2 bombardier beetles
  2 hounds
  An orc priest (D:3)
  Ijyb (D:3)
  Natasha (D:2)
  2 orc wizards (D:3)
  Robin (D:3)
  5 adders
  3 dart slugs
  2 ribbon worms
  6 orcs (D:3)
  6 bats
  8 endoplasms
  5 giant cockroaches
  11 goblins
  9 hobgoblins
  2 quokkas
  8 ball pythons
  3 frilled lizards
  3 kobolds
  4 rats
90 creatures vanquished.

Notes
Turn   | Place    | Note
-------+----------+-------------------------------------------
     0 | D:1      | qw the Deep Elf Hunter began the quest for the Orb.
     0 | D:1      | Reached XP level 1. HP: 12/12 MP: 3/3
     0 | D:1      | 0 ||| qw: Version: 0.3-a-155-g5e7d8dd
     0 | D:1      | 0 ||| qw: Game counter: 721
     0 | D:1      | 0 ||| qw: Melee chars always use a shield: true
     0 | D:1      | 0 ||| qw: God list: Okawaru
     0 | D:1      | 0 ||| qw: Allow faded altars: false
     0 | D:1      | 0 ||| qw: Do Orc after clearing Dungeon:15 true
     0 | D:1      | 0 ||| qw: Do second Lair branch before Depths: true
     0 | D:1      | 0 ||| qw: Lair rune preference: random
     0 | D:1      | 0 ||| qw: Goals: Normal
     0 | D:1      | 0 ||| PLANNING D:1-11
   120 | D:1      | Reached XP level 2. HP: 16/16 MP: 4/4
   121 | D:1      | Reached skill level 6 in Ranged Weapons
   843 | D:1      | 843 ||| UPGRADING to +0 pair of boots.
   848 | D:1      | 848 ||| READING 2 scrolls labelled QIPHAEQEOR.
   848 | D:1      | 848 ||| IDENTIFYING fuming puce potion
   849 | D:1      | 849 ||| READING scroll of identify.
   849 | D:1      | 849 ||| IDENTIFYING coppery potion
   850 | D:1      | 850 ||| READING scroll labelled ICOYWA HOTECES.
   850 | D:1      | 850 ||| ENCHANTING +0 pair of boots.
   851 | D:1      | 851 ||| DROPPING scroll of butterflies.
   852 | D:1      | 852 ||| DROPPING potion of attraction.
   970 | D:2      | Reached XP level 3. HP: 20/20 MP: 5/5
  1063 | D:2      | Found a faded altar of an unknown god.
  1212 | D:2      | Reached skill level 7 in Ranged Weapons
  1737 | D:2      | Reached XP level 4. HP: 25/25 MP: 6/6
  2040 | D:2      | Noticed Natasha
  2045 | D:2      | 2045 ||| RETREEEEATING.
  2046 | D:2      | 2046 ||| RETREEEEATING.
  2053 | D:2      | Killed Natasha
  2256 | D:2      | 2256 ||| UPGRADING to +6 ring of dexterity.
  2257 | D:2      | 2257 ||| READING scroll of identify.
  2257 | D:2      | 2257 ||| IDENTIFYING fizzy brown potion
  2258 | D:2      | 2258 ||| READING scroll labelled ZETENA DIGRUCUN.
  2259 | D:2      | 2259 ||| READING scroll labelled TOPTOR MEBUUTH.
  2259 | D:2      | 2259 ||| ENCHANTING +0 shortbow.
  2260 | D:2      | 2260 ||| READING scroll labelled NAICU GEANIYJ.
  2261 | D:2      | 2261 ||| DROPPING potion of berserk rage.
  2263 | D:2      | 2263 ||| Stepping ~*~*~tactically~*~*~ (cloud).
  2473 | D:3      | Noticed Ijyb
  2475 | D:3      | HP: 6/25 [Ijyb/iceblast (19)]
  2476 | D:3      | 2476 ||| FLEEEEING.
  2477 | D:3      | 2477 ||| FLEEEEING.
  2478 | D:3      | 2478 ||| FLEEEEING.
  2479 | D:3      | 2479 ||| FLEEEEING.
  2480 | D:3      | 2480 ||| FLEEEEING.
  2491 | D:3      | HP: 6/25 [Ijyb/+0 club (3)]
  2492 | D:3      | Killed Ijyb
  2493 | D:3      | Reached skill level 3 in Dodging
  2552 | D:3      | Reached skill level 8 in Ranged Weapons
  2702 | D:3      | Reached XP level 5. HP: 21/29 MP: 7/7
  2702 | D:3      | 2702 ||| FLEEEEING.
  2703 | D:3      | 2703 ||| FLEEEEING.
  2705 | D:3      | 2705 ||| FLEEEEING.
  2850 | D:3      | Noticed Robin
  2851 | D:3      | 2851 ||| FLEEEEING.
  2867 | D:3      | Killed Robin
  2871 | D:3      | Reached skill level 9 in Ranged Weapons
  3122 | D:3      | Reached XP level 6. HP: 35/35 MP: 8/8
  3124 | D:3      | 3124 ||| DRINKING 3 potions of curing.
  3124 | D:3      | 3124 ||| (to cure confusion)
  3510 | D:3      | 3510 ||| UPGRADING to +0 ring mail.
  3520 | D:3      | 3520 ||| DROPPING +0 leather armour.
  3521 | D:3      | 3521 ||| UPGRADING to +0 helmet.
  3526 | D:3      | 3526 ||| READING 2 scrolls of identify.
  3526 | D:3      | 3526 ||| IDENTIFYING gluggy clear potion
  3527 | D:3      | 3527 ||| READING scroll of identify.
  3527 | D:3      | 3527 ||| IDENTIFYING glowing blue potion
  3528 | D:3      | 3528 ||| READING scroll labelled UXUHUEGEZAW.
  3560 | D:4      | Reached skill level 1 in Armour
  3901 | D:4      | Reached skill level 10 in Ranged Weapons
  3901 | D:4      | Reached XP level 7. HP: 40/40 MP: 9/9
  3932 | D:4      | Noticed Grinder
  3947 | D:4      | 3947 ||| ZAPPING wand of iceblast (3) at 2,-2 (Grinder;
                  | floor).
  3949 | D:4      | 3949 ||| ZAPPING wand of iceblast (2) at 3,-2 (Grinder;
                  | floor).
  3950 | D:4      | 3950 ||| ZAPPING wand of iceblast (1) at 2,-2 (Grinder;
                  | floor).
  3953 | D:4      | Noticed Pikel
  3953 | D:4      | Paralysed by Grinder for 3 turns
  3954 | D:4      | HP: 10/40 [Grinder (4)]
  3956 | D:4      | 3956 ||| DRINKING potion of heal wounds.
  3957 | D:4      | 3957 ||| RETREEEEATING.
  3958 | D:4      | Paralysed by Grinder for 2 turns
  3963 | D:4      | 3963 ||| RETREEEEATING.
  3964 | D:4      | 3964 ||| RETREEEEATING.
  3965 | D:4      | 3965 ||| RETREEEEATING.
  3966 | D:4      | 3966 ||| RETREEEEATING.
  3969 | D:4      | HP: 9/40 [lemure[Pikel] (2)]
  3984 | D:4      | HP: 5/40 [Pikel/+1 whip of freezing (7)]
  3985 | D:4      | Slain by Pikel

Levels and vault maps discovered:
D:1:      sevenhm_arrival_forest_fort_small_3, layout_basic, minmay_fountain_box
D:2:      layout_basic, hellmonk_ecumenical_altar_heavens_door,
          dreamdust_wishing_well, nicolae_the_louvre, uniq_natasha
D:3:      layout_loops_corners, uniq_ijyb, uniq_robin
D:4:      layout_loops_corners, minmay_temple_entry_glassed_door, uniq_pikel,
          uniq_grinder

Skill      XL: |  1  2  3  4  5  6 |
---------------+-------------------+-----
Ranged Weapons | 6 7 8 9 10 | 10.5
Dodging        | 3 4 |  4.0
Fighting       | 2 |  2.1
Armour         | 1 |  1.0
Stealth        | |  1.2

Action                     |  1- 3 |  4- 6 |  7- 9 || total
---------------------------+-------+-------+-------++-------
   Fire: Shortbow          |    89 |   157 |    43 ||   289
  Evoke: Wand              |       |       |     3 ||     3
    Use: Scroll            |     3 |     7 |       ||    10
         Potion            |       |     1 |     1 ||     2
 Armour: Leather armour    |    11 |    39 |       ||    50
         Ring mail         |       |     4 |    23 ||    27
  Dodge: Dodged            |     9 |    40 |    18 ||    67

Table legend:
 A = Non-vault XP
 B = Vault XP
 C = Vault XP percentage of total XP
 D = Non-vault monster count
 E = Vault monster count
 F = Vault count percentage of total count
                 A         B        C        D         E       F
            +---------+---------+-------+---------+---------+-------
      Total |     801 |     107 |  11.8 |      74 |      14 |  15.9
            +---------+---------+-------+---------+---------+-------
        D:1 |      39 |       0 |   0.0 |      22 |       0 |   0.0
        D:2 |      74 |      35 |  32.1 |      20 |       1 |   4.8
        D:3 |     248 |      72 |  22.5 |      21 |      13 |  38.2
        D:4 |     440 |       0 |   0.0 |      11 |       0 |   0.0
            +---------+---------+-------+---------+---------+-------
